AoeStats
← PNAL | Bebeganzo

Hideout

509734919Analyzed
1v1 RM · 5d ago on Sep 27, 2026· 42m 10s· 2 players
Game mode
Random Map
Map size
Tiny (2 player)
Population
200
Speed
Normal
Resources
Standard
Victory
Conquest
Starting age
Dark Age
Ending age
Imperial Age
RankedLock teamsTeams togetherTeam positionsShared explorationLock speedFull tech treeHidden civsTurbo modeCheats
Victory
Defeat
🇦🇷 Vietnamese · Argentina
1190
+16
🇵🇾 Ethiopians · Paraguay
1182
-16
RobStarrk
8:36 Loom
11:06 Feudal Age
11:53 Double-Bit Axe
14:36 Padded Archer Armor
14:27 Fletching
23:05 Castle Age
24:03 Leather Archer Armor
23:44 Bodkin Arrow
23:12 Elite Skirmisher
25:25 Scale Mail Armor
25:28 Squires
27:31 Wheelbarrow
30:35 Chain Mail Armor
30:31 Forging
30:44 Bow Saw
30:17 Horse Collar
32:53 Iron Casting
32:07 Arson
35:16 Ballistics
40:39 Royal Heirs
PNAL | Bebeganzo
0:35 Loom
7:10 Loom
9:14 Feudal Age
9:46 Double-Bit Axe
12:11 Fletching
19:08 Wheelbarrow
23:22 Castle Age
21:50 Padded Archer Armor
23:28 Elite Skirmisher
24:30 Leather Archer Armor
24:13 Bodkin Arrow
24:33 Leather Archer Armor
24:33 Bow Saw
25:52 Ballistics
24:54 Crossbowman
30:15 Husbandry
32:36 Thumb Ring
38:55 Imperial Age
38:14 Stone Mining
38:28 Treadmill Crane
40:55 Chemistry
40:33 Horse Collar
40:22 Imperial Skirmisher
Connection lost

Rejoining the realm…

Still unreachable

The connection could not be restored.

Session expired

The server has moved on; the page needs a fresh start.